 Dungeon Crawl Stone Soup version 0.28-a0-773-g130ae17fe5 (webtiles) character file.

Game seed: 4157028061380028272

410 iamoutofideas the Grasshopper (level 6, -2/76 HPs)
             Began as a Gnoll Warper on Nov 1, 2021.
             Slain by a wyvern (11 damage)
             ... on level 5 of the Dungeon.
             The game lasted 00:06:08 (5953 turns).

iamoutofideas the Grasshopper (Gnoll Warper)        Turns: 5953, Time: 00:06:08

Health: -2/76      AC:  8    Str: 10 (12) XL:     6   Next: 89%
Magic:  14/14      EV: 11    Int: 10 (12) God:
Gold:   244        SH:  0    Dex: 10 (12) Spells: 0/15 levels left

rFire   . . .      SeeInvis .   a - +1 hand axe
rCold   . . .      Faith    .   (no shield)
rNeg    . . .      Spirit   .   x - +0 ring mail
rPois   .          Reflect  .   o - +0 helmet
rElec   .          Harm     .   y - +0 cloak
rCorr   .          Rampage  .   (no gloves)
Will    .....                   (no boots)
Stlth   ..........              g - amulet of the acrobat
HPRegen 0.22/turn               (no ring)
MPRegen 0.14/turn               (no ring)

@: berserking, hasted, very quick
A: fangs 1, strong nose, distributed training
a: no special abilities


You were on level 5 of the Dungeon.
You visited 1 branch of the dungeon, and saw 5 of its levels.

You collected 244 gold pieces.

Inventory:

Hand Weapons
 a - a +1 hand axe (weapon)
Missiles
 d - 5 boomerangs of dispersal
 v - 2 boomerangs (quivered)
Armour
 e - a +0 chain mail
 f - a +0 kite shield
 o - a +0 helmet (worn)
 x - a +0 ring mail (worn)
 y - a +0 cloak (worn)
Magical Staves
 p - a staff of death
Jewellery
 g - an amulet of the acrobat (around neck)
Wands
 r - a wand of iceblast (8)
Scrolls
 c - a scroll of blinking
 h - a scroll of fear {unknown}
 k - a scroll of identify
 n - a scroll of noise {unknown}
 s - a scroll of enchant armour {unknown}
 t - 2 scrolls of magic mapping {unknown}
 w - 2 scrolls of teleportation {unknown}
Potions
 i - a potion of haste
 j - a potion of berserk rage
 l - 3 potions of attraction {unknown}
 m - a potion of might {unknown}
 q - a potion of mutation {unknown}
 u - a potion of brilliance {unknown}


   Skills:
 + Level 5.1 Fighting
 + Level 2.1 Short Blades
 + Level 2.1 Long Blades
 + Level 5.1 Axes
 + Level 2.1 Maces & Flails
 + Level 2.1 Polearms
 + Level 2.1 Staves
 + Level 2.1 Slings
 + Level 2.1 Bows
 + Level 2.1 Crossbows
 + Level 3.4 Throwing
 + Level 3.4 Armour
 + Level 5.1 Dodging
 + Level 2.1 Stealth
 + Level 2.1 Shields
 + Level 2.1 Unarmed Combat
 + Level 5.4 Spellcasting
 + Level 1.7 Conjurations
 + Level 1.7 Hexes
 + Level 1.7 Summonings
 + Level 1.7 Necromancy
 + Level 5.7 Translocations
 + Level 1.7 Transmutations
 + Level 1.7 Fire Magic
 + Level 1.7 Ice Magic
 + Level 1.7 Air Magic
 + Level 1.7 Earth Magic
 + Level 1.7 Poison Magic
 + Level 2.4 Invocations
 + Level 2.1 Evocations


You couldn't memorise any spells.
You knew the following spells:

 Your Spells              Type           Power      Damage    Failure   Level
a - Blink                 Tloc           28%        N/A       8%          2
b - Gell's Gravitas       Tloc           14%        N/A       16%         3
c - Teleport Other        Tloc           14%        N/A       16%         3
d - Ensorcelled Hibernat  Hex/Ice        12%        N/A       36%         2
e - Manifold Assault      Tloc           14%        N/A       80%         5

Your spell library contained the following spells:

 Spells                   Type           Power      Damage    Failure   Level
 Lesser Beckoning         Tloc           14%        N/A       16%         3
 Spider Form              Tmut/Pois      6%         N/A       61%         3


Dungeon Overview and Level Annotations

Branches:
Dungeon (5/15)
 Temple: D:4-7

Altars:
Ru

Shops:
D:2 =

Annotations:
D:3 2 transporters
D:4 exclusion: downstairs


Innate Abilities, Weirdness & Mutations

You have very sharp teeth.
Your uncanny sense of smell can sniff out nearby items.
Your experience applies equally to all skills.


Message History

You feel sick. The wyvern bites you!
You hit the wyvern.
The wyvern is lightly wounded.
You feel sick. The wyvern closely misses you.
Throw: 3 boomerangs
Press: ? - help, Q - select action, (/) - cycle Shift-Dir - straight line, f - wyvern
Aim: a wyvern (60% to hit)
You throw a boomerang.
The boomerang hits the wyvern but does no damage.
You feel sick.
The wyvern bites you but does no damage.
The wyvern bites you.
Throw: 2 boomerangs
Press: ? - help, Q - select action, (/) - cycle Shift-Dir - straight line, f/p - wyvern
Aim: a wyvern (60% to hit)
You throw a boomerang. The boomerang hits the wyvern.
The wyvern is lightly wounded.
You feel sick. The wyvern bites you.
The wyvern bites you but does no damage.
Unknown command.
Throw: 2 boomerangs
Press: ? - help, Q - select action, (/) - cycle Shift-Dir - straight line, f/p - wyvern
Aim: a wyvern (lightly wounded, 60% to hit)
You throw a boomerang.
The boomerang closely misses the wyvern.
You feel sick. The wyvern bites you. x2
You feel sick.
You are no longer poisoned.
It was a potion of degeneration.
There was something very wrong with that liquid.
You feel weakened.
You feel dopey.
You feel clumsy. The wyvern misses you. The wyvern barely misses you.
It was a potion of haste.
You feel yourself speed up. The wyvern bites you!
* * * LOW HITPOINT WARNING * * *
A red film seems to cover your vision as you go berserk!
You feel yourself moving faster!
You feel mighty! The wyvern barely misses you.
You closely miss the wyvern.
The wyvern is lightly wounded.
The wyvern bites you!
You die...

........(###########.#
#####.#..............#
#.#..#############
#...†# #.#..# #.#..#
#####.#..##
#.........##
#.#####@...#
##.#####l###.#
.......†## #.
##.###.## ... ###. ##


You could see a wyvern.

Vanquished Creatures
  A scorpion (D:4)
  A hound (D:4)
  A bullfrog skeleton (D:5)
  Jessica (D:2)
  3 iguanas (D:5)
  2 hound skeletons (D:5)
  7 adders
  A dart slug (D:2)
  9 orcs
  6 bats
  6 endoplasms
  2 giant cockroaches (D:1)
  12 goblins
  2 hobgoblins
  9 jackals
  6 quokkas
  8 ball pythons
  3 frilled lizards (D:1)
  5 kobolds
  6 rats
91 creatures vanquished.

Notes
Turn   | Place    | Note
-------+----------+-------------------------------------------
     0 | D:1      | iamoutofideas the Gnoll Warper began the quest for the Orb.
     0 | D:1      | Reached XP level 1. HP: 20/20 MP: 6/6
   355 | D:1      | Reached XP level 2. HP: 25/26 MP: 7/7
  1258 | D:2      | Reached skill level 5 in Spellcasting
  1258 | D:2      | Reached XP level 3. HP: 27/31 MP: 7/9
  1369 | D:2      | Found Celaof's Jewellery Shop.
  1396 | D:2      | Noticed Jessica
  1405 | D:2      | Reached skill level 1 in Invocations
  1412 | D:2      | Killed Jessica
  1413 | D:2      | Reached skill level 1 in Short Blades
  1413 | D:2      | Reached skill level 1 in Long Blades
  1413 | D:2      | Reached skill level 1 in Maces & Flails
  1413 | D:2      | Reached skill level 1 in Polearms
  1413 | D:2      | Reached skill level 1 in Staves
  1413 | D:2      | Reached skill level 1 in Slings
  1413 | D:2      | Reached skill level 1 in Bows
  1413 | D:2      | Reached skill level 1 in Crossbows
  1413 | D:2      | Reached skill level 1 in Stealth
  1413 | D:2      | Reached skill level 1 in Shields
  1413 | D:2      | Reached skill level 1 in Unarmed Combat
  1413 | D:2      | Reached skill level 1 in Evocations
  1413 | D:2      | Reached XP level 4. HP: 14/38 MP: 11/11
  1434 | D:2      | Learned a level 2 spell: Blink
  1438 | D:2      | Learned a level 3 spell: Gell's Gravitas
  1442 | D:2      | Learned a level 3 spell: Teleport Other
  1973 | D:2      | Reached skill level 1 in Conjurations
  1973 | D:2      | Reached skill level 1 in Hexes
  1973 | D:2      | Reached skill level 1 in Summonings
  1973 | D:2      | Reached skill level 1 in Necromancy
  1973 | D:2      | Reached skill level 1 in Transmutations
  1973 | D:2      | Reached skill level 1 in Fire Magic
  1973 | D:2      | Reached skill level 1 in Ice Magic
  1973 | D:2      | Reached skill level 1 in Air Magic
  1973 | D:2      | Reached skill level 1 in Earth Magic
  1973 | D:2      | Reached skill level 1 in Poison Magic
  2133 | D:3      | Found a transporter.
  2203 | D:3      | Found a sacrificial altar of Ru.
  2317 | D:3      | Reached XP level 5. HP: 43/43 MP: 12/12
  2419 | D:3      | Found a faded altar of an unknown god.
  2448 | D:3      | Found a transporter.
  4003 | D:4      | Reached XP level 6. HP: 23/50 MP: 13/13
  4619 | D:5      | Entered Level 5 of the Dungeon
  4754 | D:5      | HP: 1/50 [hornet zombie (9)]
  5282 | D:5      | Reached skill level 5 in Fighting
  5282 | D:5      | Reached skill level 5 in Axes
  5282 | D:5      | Reached skill level 5 in Dodging
  5328 | D:5      | Learned a level 2 spell: Ensorcelled Hibernation
  5334 | D:5      | Learned a level 5 spell: Manifold Assault
  5940 | D:5      | Noticed a wyvern
  5953 | D:5      | Slain by a wyvern

Illustrated notes

Levels and vault maps discovered:
D:1:      minmay_arrival_arboretum_small, layout_loops_ring
D:2:      layout_basic, serial_shops, nicolae_shop_stone, minmay_quantized,
          uniq_jessica
D:3:      gammafunk_steamed_eel, layout_basic,
          nicolae_ru_great_annihilating_truth, shapermc_ecumenical_altar_pompeii
D:4:      layout_loops_ring, ebering_dispersal_statue_hall
D:5:      layout_loops_corners, gammafunk_temple_overflow_elements

Skill      XL: |  1  2  3  4  5  6 |
---------------+-------------------+-----
Spellcasting   | 5 |  5.4
Invocations    | 1 2 |  2.4
Short Blades   | 1 2 |  2.1
Long Blades    | 1 2 |  2.1
Maces & Flails | 1 2 |  2.1
Polearms       | 1 2 |  2.1
Staves         | 1 2 |  2.1
Slings         | 1 2 |  2.1
Bows           | 1 2 |  2.1
Crossbows      | 1 2 |  2.1
Stealth        | 1 2 |  2.1
Shields        | 1 2 |  2.1
Unarmed Combat | 1 2 |  2.1
Evocations     | 1 2 |  2.1
Conjurations   | 1 |  1.7
Hexes          | 1 |  1.7
Summonings     | 1 |  1.7
Necromancy     | 1 |  1.7
Transmutations | 1 |  1.7
Fire Magic     | 1 |  1.7
Ice Magic      | 1 |  1.7
Air Magic      | 1 |  1.7
Earth Magic    | 1 |  1.7
Poison Magic   | 1 |  1.7
Throwing       | 3 |  3.4
Armour         | 3 |  3.4
Fighting       | 5 |  5.1
Axes           | 5 |  5.1
Dodging        | 5 |  5.1
Translocations | |  5.7

Action                   |  1- 3 |  4- 6 || total
-------------------------+-------+-------++-------
Melee: Hand axe          |   120 |   278 ||   398
       Bite              |    12 |    31 ||    43
Throw: Boomerang         |       |    11 ||    11
 Cast: Teleport Other    |       |     1 ||     1
       Blink             |       |     1 ||     1
  Use: Scroll            |       |     2 ||     2
       Potion            |       |     3 ||     3
 Stab: Paralysed         |       |     2 ||     2
       Sleeping          |       |     1 ||     1
Armor: Leather armour    |    33 |    36 ||    69
       Ring mail         |       |    33 ||    33
Dodge: Dodged            |    82 |   210 ||   292

Table legend: (Time is in decaauts)
 A = Elapsed time spent in this place.
 B = Non-inter-level travel time spent in this place.
 C = Inter-level travel time spent in this place.
 D = Time resting spent in this place.
 E = Time spent auto-exploring this place.
 F = Levels seen in this place.
 G = Mean time per level.
                   A        B        C        D        E       F      G
               +--------+--------+--------+--------+--------+-----+--------+
         Total |   5982 |   5846 |    136 |   1477 |   3377 |   5 | 1196.4 |
       Dungeon |   5982 |   5846 |    136 |   1477 |   3377 |   5 | 1196.4 |
               +--------+--------+--------+--------+--------+-----+--------+

Top non-repeatable levels by time:
     D:4: 1626 daAuts
     D:3: 1356 daAuts
     D:1: 1228 daAuts
     D:5: 908 daAuts
     D:2: 862 daAuts
